 Dungeon Crawl Stone Soup version 0.27.1-15-g792fb953b9 (webtiles) character file.

Game seed: 16670208677809619327

107 tizbic2 the Insei (level 4, -1/33 HPs)
             Began as a Demonspawn Transmuter on Nov 19, 2021.
             Slain by Grinder (2 damage)
             ... on level 3 of the Dungeon.
             The game lasted 00:10:12 (1871 turns).

tizbic2 the Insei (Demonspawn Transmuter)           Turns: 1871, Time: 00:10:13

Health: -1/33      AC:  2    Str: 11    XL:     4   Next: 56%
Magic:  5/7        EV: 21    Int: 15    God:
Gold:   69         SH:  0    Dex: 18    Spells: 3/7 levels left

rFire    . . .     SeeInvis .     - Unarmed
rCold    . . .     Faith    .   (shield currently unavailable)
rNeg     . . .     Spirit   .   (armour currently unavailable)
rPois    x         Reflect  .   (helmet currently unavailable)
rElec    .         Harm     .   (cloak currently unavailable)
rCorr    .         Rampage  .   (gloves currently unavailable)
Will     +....                  (boots currently unavailable)
Stlth    ++........             (no amulet)
HPRegen  0.11/turn              b - ring of willpower
MPRegen  0.10/turn              (no ring)

@: spider-form (expiring)
A: venomous fangs, tiny, (hooves 2), repulsion field 1
a: End Transformation


You were on level 3 of the Dungeon.
You were a venomous arachnid creature.
You visited 1 branch of the dungeon, and saw 3 of its levels.

You collected 69 gold pieces.

Inventory:

Hand Weapons
 c - a +3 short sword of draining (melded)
 j - a +2 scimitar of electrocution
Missiles
 d - 43 stones (quivered)
 k - 34 bolts
Armour
 a - a +0 robe (melded)
 l - a +0 ring mail
Jewellery
 b - a ring of willpower (left front leg)
Scrolls
 f - 2 scrolls of identify {unknown}
 i - a scroll of teleportation {unknown}
Potions
 e - a potion of haste {unknown}
 g - a potion of mutation {unknown}
 h - a potion of heal wounds {unknown}


   Skills:
 + Level 1.7 Fighting
 * Level 1.2 Short Blades
 + Level 2.1 Dodging
 + Level 3.2 Unarmed Combat
 + Level 2.4 Spellcasting
 + Level 2.4 Transmutations
 * Level 1.1 Poison Magic


You had 3 spell levels left.
You knew the following spells:

 Your Spells              Type           Power      Damage    Failure   Level
a - Beastly Appendage     Tmut           18%        N/A       21%         1
b - Spider Form           Tmut/Pois      3%         N/A       52%         3

Your spell library contained the following spells:

 Spells                   Type           Power      Damage    Failure   Level
 Sting                    Tmut/Pois      28%        1d4       26%         1
 Wereblood                Tmut           9%         N/A       28%         2
 Poisonous Vapours        Pois/Air       6%         N/A       47%         2
 Ice Form                 Ice/Tmut       5%         N/A       91%         4
 Olgreb's Toxic Radiance  Pois           5%         N/A       91%         4


Dungeon Overview and Level Annotations

Branches:
Dungeon (3/15)

Altars:
Dithmenos

Annotations:
D:3 Grinder


Innate Abilities, Weirdness & Mutations

You are a venomous arachnid creature.
You have poisonous fangs.
You are tiny and dextrous.
Your spellcasting is less reliable in this form.
Your armour is entirely melded.
You are incapable of wielding weapons or throwing items.
((You have hoof-like feet.))
You are surrounded by a mild repulsion field. (EV +2)


Message History

Grinder is lightly wounded.
Grinder says, "DUCK!"
Grinder misses you.
You hit Grinder.
Grinder is poisoned.
Grinder is moderately wounded.
Grinder closely misses you.
You bite Grinder!
Grinder is heavily wounded.
Grinder closely misses you.
You hit Grinder but do no damage.
Grinder looks as sick as possible!
Grinder is heavily wounded.
Your transformation is almost over.
Grinder misses you.
You barely miss Grinder.
Grinder is heavily wounded.
Grinder completely misses you.
You hit Grinder.
Grinder is heavily wounded.
Grinder completely misses you.
You hit Grinder but do no damage.
Grinder is heavily wounded.
Grinder gestures at you. You resist with some effort.
You hit Grinder.
Grinder is severely wounded.
Grinder gestures at you.
You easily resist.
You hit Grinder.
Grinder is severely wounded.
Grinder misses you.
You hit Grinder.
Grinder is almost dead.
Grinder hits you.
* * * LOW HITPOINT WARNING * * *
You writhe in agony.
* * * LOW HITPOINT WARNING * * *
You hit Grinder but do no damage.
Grinder looks as sick as possible!
Grinder is almost dead.
Grinder hits you.
You die...

.#.. #...##....#...# ...#
#..###.#...#.##
...###......#......#
#..#...#####...##.#
#....$.# ###....#
#...#).# #.....#
##...†..#####.)...#
#...?......##.....#
#.......).s..##.....####
...........5..##)<.......
..............##.........
##.#..........##.........
#.#...........#.........
# #.....................
..>............###..#.
.#.####......... ....
...... ...


You could see Grinder (extremely poisoned).

Vanquished Creatures
  Jessica (D:3)
  Natasha (D:2)
  An adder (D:3)
  2 worms
  4 dart slugs
  An orc (D:3)
  2 ball pythons
  2 endoplasms
  A giant cockroach (D:3)
  5 goblins
  3 hobgoblins (D:1)
  3 bats (D:1)
  2 frilled lizards
  3 kobolds (D:1)
  4 rats
35 creatures vanquished.

Notes
Turn   | Place    | Note
-------+----------+-------------------------------------------
     0 | D:1      | tizbic2 the Demonspawn Transmuter began the quest for the
                  | Orb.
     0 | D:1      | Reached XP level 1. HP: 15/15 MP: 3/3
   259 | D:1      | Lost mutation: You have razor-sharp toenails. [demonic
                  | ancestry]
   259 | D:1      | Lost mutation: You have sharp toenails. [demonic ancestry]
   259 | D:1      | Gained mutation: You have large cloven feet. [demonic
                  | ancestry]
   259 | D:1      | Reached XP level 2. HP: 16/21 MP: 3/5
   324 | D:1      | Reached skill level 3 in Unarmed Combat
   889 | D:2      | Gained mutation: You have hoof-like feet. [demonic
                  | ancestry]
   889 | D:2      | Reached XP level 3. HP: 25/26 MP: 4/6
  1061 | D:2      | Found a shadowy altar of Dithmenos.
  1228 | D:2      | Learned a level 3 spell: Spider Form
  1317 | D:2      | Found a faded altar of an unknown god.
  1359 | D:2      | Noticed Natasha
  1368 | D:2      | Killed Natasha
  1779 | D:3      | Noticed Jessica
  1791 | D:3      | Gained mutation: You are surrounded by a mild repulsion
                  | field. (EV +2) [demonic ancestry]
  1791 | D:3      | Reached XP level 4. HP: 32/32 MP: 3/7
  1791 | D:3      | Killed Jessica
  1792 | D:3      | Reached skill level 1 in Short Blades
  1792 | D:3      | Reached skill level 1 in Poison Magic
  1845 | D:3      | Noticed Grinder
  1851 | D:3      | Paralysed by Grinder for 4 turns
  1870 | D:3      | HP: 1/33 [Grinder (4)]
  1871 | D:3      | Slain by Grinder

Illustrated notes

Levels and vault maps discovered:
D:1:      elethiomel_arrival_maze, layout_rooms, minivault_14, feat_on_display
D:2:      layout_basic, basic_altar, dilly_ecumenical_altar_fadedgnrine,
          chequers_serial_rivers_small_b, uniq_natasha
D:3:      layout_rooms, nemelex_altar_shiori, serial_shops, shop_fountains,
          uniq_grinder, uniq_jessica

Skill      XL: |  1  2  3  4 |
---------------+-------------+-----
Transmutations | 2 |  2.4
Unarmed Combat | 3 |  3.2
Dodging        | 2 |  2.1
Short Blades   | 1 |  1.2
Poison Magic   | 1 |  1.1
Fighting       | |  1.7
Spellcasting   | |  2.4

Action                   |  1- 3 |  4- 6 || total
-------------------------+-------+-------++-------
Melee: Unarmed           |    24 |    14 ||    38
       Kick              |    10 |     5 ||    15
       Headbutt          |     8 |     1 ||     9
       Short sword       |    26 |    17 ||    43
       Punch             |     1 |       ||     1
Throw: Stone             |     1 |       ||     1
 Cast: Beastly Appendage |    20 |     2 ||    22
       Spider Form       |     2 |     1 ||     3
  Use: Scroll            |     1 |       ||     1
Armor: Robe              |    10 |     1 ||    11
Dodge: Dodged            |    27 |    16 ||    43
